 Dungeon Crawl Stone Soup version 0.23.1-41-g7e51ed3 (webtiles) character file.

Game seed: 14684141821319993633

151 Borgoz the Cutter (level 5, -7/32 HPs)
             Began as a Gargoyle Gladiator on Mar 30, 2019.
             Killed by divine providence
             ... invoked by an orc priest
              (10 damage)
             ... on level 3 of the Dungeon.
             The game lasted 00:02:29 (1371 turns).

Borgoz the Cutter (Gargoyle Gladiator)              Turns: 1371, Time: 00:02:31

Health: -7/32      AC:  7    Str: 18    XL:     5   Next: 33%
Magic:  5/5        EV: 18    Int:  8    God:
Gold:   65         SH:  0    Dex: 17    Spells: 4/4 levels left

rFire    . . .     SeeInvis .   n - +4 dagger
rCold    . . .     Gourm    .   (no shield)
rNeg     + . .     Faith    .   b - +0 leather armour
rPois    ∞         Spirit   .   (helmet restricted)
rElec    +         Reflect  .   (no cloak)
rCorr    .         Harm     .   (no gloves)
MR       .....                  (no boots)
Stlth    +++.......             (no amulet)
HPRegen  0.10/turn              (no ring)
MPRegen  0.09/turn              (no ring)

@: agile, flying
A: big wings, horns 1, negative energy resistance 1, electricity resistance,
unbreathing, petrification resistance, rot immunity, AC +4
a: Fly


You were on level 3 of the Dungeon.
You were not hungry.

You visited 1 branch of the dungeon, and saw 3 of its levels.

You collected 65 gold pieces.

Inventory:

Hand Weapons
 a - a +0 rapier
 n - a +4 dagger (weapon)
Missiles
 d - 3 throwing nets (quivered)
 p - 4 tomahawks
Armour
 b - a +0 leather armour (worn)
 c - a +0 helmet
Wands
 s - a wand of disintegration (4)
Scrolls
 e - 4 scrolls of remove curse {unknown}
 j - a scroll of identify {unknown}
 l - 2 scrolls of blinking {unknown}
 m - a scroll of enchant weapon {unknown}
 r - a scroll of magic mapping {unknown}
 t - a scroll of fear {unknown}
Potions
 i - a potion of curing {unknown}
 k - a potion of ambrosia {unknown}
Comestibles
 f - 5 rations
 g - 3 chunks of flesh


   Skills:
 + Level 2.9 Fighting
 * Level 3.7 Short Blades
 - Level 1.7 Throwing
 + Level 1.6 Armour
 * Level 3.2 Dodging
 + Level 1.8 Stealth


You had 4 spell levels left.
You didn't know any spells.
Your spell library was empty.

Dungeon Overview and Level Annotations

Branches:
Dungeon (3/15)

Altars:
Hepliaklqana
Makhleb


Innate Abilities, Weirdness & Mutations

You are resistant to torment.
Your stone body is resilient. (AC +4)
You are immune to poison.
You resist negative energy. (rN+)
You are resistant to electric shocks. (rElec)
You can survive without breathing.
You are immune to petrification.
You are immune to rotting.
Your large and strong wings let you fly indefinitely.
You have a pair of small horns on your head.


Message History

You are too injured to fight recklessly!
You are too injured to fight recklessly!
It was a potion of agility.
You feel agile all of a sudden. The orc completely misses you.
The orc priest invokes the aid of Beogh against you.
Beogh smites you!
* * * LOW HITPOINT WARNING * * *
It was a potion of flight.
You feel very buoyant.
You fly up into the air.
The orc completely misses you. The orc priest barely misses you.
It was a potion of mutation.
You feel extremely strange. A pair of horns grows on your head!
Your +0 helmet falls away!
Your wings grow larger and stronger.
The orc misses you.
The orc priest calls down the wrath of Beogh upon you.
Beogh smites you!
You die...

#.#.......# ....
#.#.......### ..)
##..#....(..... #o..
..##.......##. #...
...........### #.S#
##.#.###.......
#wo###....# ##.#####
#..o##..## #.##...
#.[@.....#####.#..##
###..##...(......###
##..†.######......
#......# #..###.
#......# #.## ##
#......# ###
########


You could see an orc priest, an adder, a dart slug and 2 orcs.

Vanquished Creatures
  An orc priest (D:3)
  4 adders
  2 worms (D:2)
  2 dart slugs
  2 leopard geckos
  3 orcs (D:3)
  A ball python (D:2)
  3 giant cockroaches
  8 goblins
  8 hobgoblins
  6 jackals (D:1)
  6 kobolds
  A quokka (D:2)
  11 bats
  5 frilled lizards
  4 rats
67 creatures vanquished.

Notes
Turn   | Place    | Note
-------+----------+-------------------------------------------
     0 | D:1      | Borgoz the Gargoyle Gladiator began the quest for the Orb.
     0 | D:1      | Reached XP level 1. HP: 12/12 MP: 1/1
   108 | D:1      | Reached XP level 2. HP: 16/17 MP: 2/2
   261 | D:1      | Reached XP level 3. HP: 14/22 MP: 3/3
   451 | D:1      | Reached skill level 1 in Stealth
   817 | D:2      | Reached skill level 1 in Armour
   850 | D:2      | Found a burning altar of Makhleb.
   873 | D:2      | Reached XP level 4. HP: 27/27 MP: 4/4
  1100 | D:2      | Found a hazy altar of Hepliaklqana.
  1216 | D:3      | Reached XP level 5. HP: 30/32 MP: 5/5
  1371 | D:3      | Gained mutation: You have a pair of small horns on your
                  | head. [potion of mutation]
  1371 | D:3      | Gained mutation: Your large and strong wings let you fly
                  | indefinitely. [potion of mutation]
  1371 | D:3      | Killed from afar by an orc priest

Skill      XL: |  1  2  3  4 |
---------------+-------------+-----
Short Blades   | 3 |  3.7
Stealth        | 1 |  1.8
Armour         | 1 |  1.6
Dodging        | 3 |  3.2
Fighting       | |  2.9
Throwing       | |  1.7

Action                   |  1- 3 |  4- 6 || total
-------------------------+-------+-------++-------
Melee: Rapier            |   149 |    42 ||   191
       Dagger            |       |    61 ||    61
  Use: Potion            |       |     3 ||     3
 Stab: Sleeping          |       |     1 ||     1
  Eat: Chunk             |       |     2 ||     2
Armor: Leather armour    |    86 |    37 ||   123
Dodge: Dodged            |   140 |    71 ||   211
